AoeStats
← wu

MegaRandom

506540538Analyzed
2v2 RM · 19d ago on Sep 14, 2026· 65m 2s· 4 players
Game mode
Random Map
Map size
Medium (4 player)
Population
200
Speed
Normal
Resources
Standard
Victory
Conquest
Starting age
Dark Age
Ending age
Imperial Age
RankedLock teamsTeams togetherTeam positionsShared explorationLock speedFull tech treeHidden civsTurbo modeCheats
Victory
Defeat
🇹🇼 Bulgarians · Taiwan
653
+24
🇹🇼 Saracens · Taiwan
620
+20
🇦🇷 Franks · Argentina
655
-17
🇦🇷 Spanish · Argentina
618
-15
PatoCosta90
5:26 Loom
11:09 Feudal Age
13:04 Double-Bit Axe
21:38 Castle Age
26:44 Scale Barding Armor
27:27 Forging
30:56 Pikeman
31:37 Squires
33:03 Ballistics
32:39 Murder Holes
34:29 Caravan
50:25 Masonry
54:27 Bloodlines
54:18 Husbandry
57:01 Imperial Age
55:11 Wheelbarrow
54:23 Town Watch
59:32 Chemistry
58:18 Arrowslits
59:06 Architecture
59:12 Cavalier
60:59 Iron Casting
61:51 Chain Barding Armor
62:44 Blast Furnace
EL EDU
1:30 Loom
10:04 Feudal Age
10:42 Double-Bit Axe
11:57 Town Watch
14:14 Town Watch
18:12 Wheelbarrow
19:02 Gold Mining
19:47 Scale Barding Armor
22:42 Castle Age
21:37 Scale Barding Armor
23:21 Stone Mining
22:55 Light Cavalry
23:36 Husbandry
23:53 Bow Saw
23:37 Pikeman
24:17 Squires
24:37 Gambesons
24:52 Squires
25:02 Squires
26:08 Forging
26:00 Scale Mail Armor
27:42 Iron Casting
27:55 Hand Cart
34:58 Imperial Age
33:53 Gold Shaft Mining
35:15 Cavalier
36:33 Chain Barding Armor
37:14 Blast Furnace
38:19 #83
38:37 Hoardings
39:16 Halberdier
41:37 Conscription
42:51 Conscription
41:53 Elite Throwing Axeman
48:07 Paladin
49:43 Ballistics
49:20 Murder Holes
49:35 Masonry
50:27 Chemistry
50:16 Plate Barding Armor
49:32 Fletching
50:00 Chain Mail Armor
50:00 Town Patrol
wu
9:24 Feudal Age
9:55 Double-Bit Axe
10:22 Horse Collar
20:14 Castle Age
21:07 Gold Mining
21:10 Stone Mining
21:58 Husbandry
23:04 Bow Saw
25:08 Gold Shaft Mining
25:11 Stone Shaft Mining
32:14 Imperial Age
33:30 Heavy Plow
39:01 Scale Barding Armor
38:57 Scale Mail Armor
39:07 Forging
41:46 Chain Barding Armor
41:41 Chain Mail Armor
43:24 Plate Barding Armor
43:04 Chain Mail Armor
43:25 Iron Casting
46:42 Plate Mail Armor
47:12 Blast Furnace
46:45 Conscription
46:25 Stirrups
48:12 Elite Konnik
54:01 Crop Rotation
59:29 Bloodlines
k1753688509
7:04 Loom
9:59 Feudal Age
12:44 Double-Bit Axe
16:16 Horse Collar
21:44 Castle Age
21:46 Town Watch
22:37 Wheelbarrow
23:24 Bow Saw
23:17 Heavy Plow
25:06 Husbandry
25:17 Bloodlines
25:04 Fletching
24:40 Crossbowman
27:37 Town Patrol
27:58 Hand Cart
29:29 Scale Barding Armor
32:30 Treadmill Crane
36:40 Imperial Age
35:27 Squires
34:47 Pikeman
37:19 Light Cavalry
40:20 Two-Man Saw
39:46 Heavy Camel Rider
40:48 Conscription
43:36 Chain Barding Armor
43:27 Forging
43:24 Gold Mining
43:32 Elite Mameluke
47:08 Plate Barding Armor
47:08 Iron Casting
50:29 Blast Furnace
50:52 Gold Shaft Mining
51:57 Conscription
52:01 Bimaristan
52:34 Bodkin Arrow
54:06 Bracer
54:08 Padded Archer Armor
62:54 Thumb Ring
62:10 Elite Skirmisher
Connection lost

Rejoining the realm…

Still unreachable

The connection could not be restored.

Session expired

The server has moved on; the page needs a fresh start.